 Dungeon Crawl Stone Soup version 0.23.2 (webtiles) character file.

Game seed: 14377372828361079634

1265 Borgoz the Cutter (level 8, 0/66 HPs)
             Began as a Ghoul Gladiator on Apr 3, 2019.
             Was an Initiate of Ashenzari.
             Slain by Pikel
             ... wielding a +2 whip of flaming
              (8 damage)
             ... on level 5 of the Dungeon.
             The game lasted 00:07:55 (4480 turns).

Borgoz the Cutter (Ghoul Gladiator)                 Turns: 4480, Time: 00:07:55

Health: 0/66       AC:  8    Str: 16 (18) XL:     8   Next: 52%
Magic:  7/7        EV: 13    Int: -1 (4)  God:    Ashenzari [......]
Gold:   306        SH:  0    Dex:  8 (11) Spells: 7/7 levels left

rFire    . . .     SeeInvis .   a - +0 rapier
rCold    + . .     Gourm    .   (no shield)
rNeg     + + +     Faith    .   l - +1 troll leather armour
rPois    ∞         Spirit   .   c - +0 helmet
rElec    .         Reflect  .   s - +0 cloak
rCorr    .         Harm     .   (no gloves)
MR       .....     Rnd*Tele +   (no boots)
Stlth    ++........             (no amulet)
HPRegen  0.00/turn              q - ring of teleportation (curse)
MPRegen  0.10/turn              (no ring)

@: rotting, slowed, lost intelligence, very slow
A: rotting body, claws 1, carnivore, cold resistance 1, negative energy
resistance 3, inhibited regeneration, torment resistance, unbreathing
a: Curse Item, Renounce Religion


You were on level 5 of the Dungeon.
You worshipped Ashenzari.
Ashenzari was noncommittal.
You were not hungry.

You visited 2 branches of the dungeon, and saw 7 of its levels.

You collected 306 gold pieces.

Inventory:

Hand Weapons
 a - a +0 rapier (weapon)
 k - a cursed +0 short sword
Missiles
 d - a throwing net (quivered)
 o - 9 tomahawks
Armour
 c - a +0 helmet (worn)
 e - a +1 leather armour of fire resistance
 l - a +1 troll leather armour (worn)
 s - a +0 cloak (worn)
 t - the +1 robe "Earthly Heaven" {rN+ rCorr Int+5 Dex-4}
   (You found it on level 5 of the Dungeon)

   It affects your intelligence (+5).
   It affects your dexterity (-4).
   It protects you from negative energy.
   It provides partial protection from all sources of acid and corrosion.
Jewellery
 q - a cursed ring of teleportation (left claw)
Scrolls
 b - 2 scrolls of identify
 m - a scroll of teleportation
 r - a scroll of enchant armour
 u - 2 scrolls of enchant weapon {unknown}
 w - a scroll of remove curse
Potions
 i - a potion of agility {unknown}
 j - a potion of brilliance {unknown}
 n - 2 potions of ambrosia {unknown}
 v - a potion of lignification {unknown}
Comestibles
 f - 7 rations
 p - 5 chunks of flesh


   Skills:
 + Level 4.2 Fighting
 * Level 5.3 Short Blades
 - Level 1.7 Throwing
 * Level 4.4 Armour
 * Level 5.2 Dodging
 + Level 4.0 Stealth


You had 7 spell levels left.
You didn't know any spells.
Your spell library was empty.

Dungeon Overview and Level Annotations

Branches:
Dungeon (6/15)             Temple (1/1) D:5

Altars:
Ashenzari
Cheibriados
Dithmenos
Elyvilon
Fedhas
Gozag
Hepliaklqana
Kikubaaqudgha
Makhleb
Nemelex Xobeh
Okawaru
Qazlal
Ru
Sif Muna
Trog
Uskayaw
Wu Jian
Xom
Yredelemnul
Zin
The Shining One

Shops:
D:5 %   D:6 }

Annotations:
D:5 Pikel


Innate Abilities, Weirdness & Mutations

Your body is rotting away.
You thrive on raw meat.
You are immune to poison.
You have sharp fingernails.
You are carnivorous and can eat meat at any time.
Your flesh is cold resistant. (rC+)
You are immune to negative energy. (rN+++)
You do not regenerate when monsters are visible.
You are immune to unholy pain and torment.
You can survive without breathing.


Message History

* * * LOW HITPOINT WARNING * * *
Pikel hits you but does no damage. x2
Pikel hits you with a +2 whip of flaming.
* * * LOW HITPOINT WARNING * * *
Pikel burns you.
* * * LOW HITPOINT WARNING * * *
You can move again.
Throwing (i - inventory. (/) - cycle)
d - 2 throwing nets (quivered)
Press: ? - help, Shift-Dir - straight line, f - Pikel
Aim: Pikel, wielding a +2 whip of flaming and wearing a +0 robe You throw a throwing net.
The throwing net hits Pikel.
Pikel is caught in the net!
Pikel struggles against the net. x2
You hit Pikel but do no damage.
Pikel struggles against the net.
You completely miss Pikel.
Pikel struggles against the net.
You hit Pikel but do no damage.
Pikel struggles against the net.
The net rips apart, and Pikel comes free!
Pikel hits you but does no damage.
You barely miss Pikel.
Pikel hits you with a +2 whip of flaming!
You die...

#..##.)#.#.# #..# #.# #.#
#...>....#.# #..# #.# #.#
##.##..###.###..####.##########.#
#.##............................
#.....####.##.#.###.##########.#
####..# #.##.#.# #.# #.# #..#
##.##.#.# #.# #.# #..###...#.#.#
#.# #.. #.....)....#@# #.# ###
##.###..>###K# #.#
#.....[...pp###.########
#######.....[....##...#.....#####
.(.(...((.>......................
#######..#...####.....#[.<.......
#.#....# #.##..#.....####.
#.##...# #.#.........# #.
#.###### #.#...####### #.


You could see Pikel and 2 slaves.

Vanquished Creatures
  A slave (D:5)
  2 sky beasts (D:5)
  2 ogres (D:4)
  2 centaurs (D:5)
  Blork the orc (D:6)
  A scorpion (D:5)
  A crimson imp (D:5)
  3 bullfrog skeletons (D:5)
  A jelly (D:5)
  4 orc wizards
  5 orc priests
  A centaur skeleton (D:4)
  3 worker ants
  6 adders
  A shadow imp (D:5)
  2 adder zombies (D:5)
  An adder skeleton (D:4)
  3 dart slugs
  A leopard gecko (D:3)
  19 orcs
  6 giant cockroaches
  5 goblins
  3 hobgoblins
  7 kobolds
  A quokka (D:3)
  3 bats
  3 frilled lizards
  A jackal skeleton (D:4)
  7 rats
96 creatures vanquished.

Notes
Turn   | Place    | Note
-------+----------+-------------------------------------------
     0 | D:1      | Borgoz the Ghoul Gladiator began the quest for the Orb.
     0 | D:1      | Reached XP level 1. HP: 17/17 MP: 0/0
   198 | D:1      | Reached XP level 2. HP: 24/24 MP: 1/1
   728 | D:2      | Found a blossoming altar of Fedhas.
  1050 | D:2      | Reached XP level 3. HP: 27/30 MP: 2/2
  1068 | D:2      | Reached skill level 1 in Armour
  1718 | D:3      | Reached skill level 1 in Stealth
  1718 | D:3      | Reached XP level 4. HP: 27/37 MP: 3/3
  2061 | D:3      | Reached XP level 5. HP: 35/42 MP: 4/4
  2398 | D:4      | Reached XP level 6. HP: 38/50 MP: 5/5
  2747 | D:4      | Reached XP level 7. HP: 19/57 MP: 6/6
  3157 | D:5      | Entered Level 5 of the Dungeon
  3386 | D:5      | Reached XP level 8. HP: 37/66 MP: 7/7
  3389 | D:5      | Found Tumuh's Food Boutique.
  3549 | D:5      | Reached skill level 5 in Short Blades
  3549 | D:5      | Reached skill level 5 in Dodging
  3654 | D:5      | Got a sheer robe
  3655 | D:5      | Identified the +1 robe "Earthly Heaven" {rN+ rCorr Int+5
                  | Dex-4} (You found it on level 5 of the Dungeon)
  3670 | D:5      | Found a staircase to the Ecumenical Temple.
  3693 | Temple   | Entered the Ecumenical Temple
  3773 | Temple   | Became a worshipper of Ashenzari the Shackled
  4305 | D:6      | Found Teec's Gadget Shoppe.
  4310 | D:6      | Noticed Blork the orc
  4331 | D:6      | Killed Blork the orc
  4374 | D:6      | Noticed Pikel
  4472 | D:5      | Lost intelligence.
  4480 | D:5      | Slain by Pikel

Skill      XL: |  1  2  3  4  5  6  7  8 |
---------------+-------------------------+-----
Dodging        | 3 4 5 |  5.2
Short Blades   | 3 4 5 |  5.3
Armour         | 1 2 3 4 |  4.4
Stealth        | 1 2 3 4 |  4.0
Fighting       | 3 4 |  4.2
Throwing       | |  1.7

Action                   |  1- 3 |  4- 6 |  7- 9 || total
-------------------------+-------+-------+-------++-------
Melee: Rapier            |    91 |   155 |   240 ||   486
Throw: Throwing net      |       |     3 |     3 ||     6
  Use: Scroll            |     4 |     2 |     4 ||    10
       Potion            |       |       |     5 ||     5
 Stab: Sleeping          |     1 |       |     3 ||     4
       Held in net/web   |       |     4 |       ||     4
       Invisible         |       |       |     3 ||     3
       Distracted        |       |       |     1 ||     1
  Eat: Chunk             |     7 |     3 |    11 ||    21
Armor: Leather armour    |    17 |       |       ||    17
       Troll leather arm |     6 |    36 |    75 ||   117
Dodge: Dodged            |    52 |    73 |   181 ||   306
